 Dungeon Sprint DCSS version 0.27.1 (webtiles) character file.

Game seed: 5450493074264853325

4908 styxcanada the Imperceptible (level 10, -2/53 HPs)
             Began as a Spriggan Brigand on Aug 29, 2021.
             Was an Initiate of Gozag.
             Slain by a spriggan rider (9 damage)
             ... in the Dungeon (Sprint IV: "Fedhas' Mad Dash").
             The game lasted 00:08:45 (1223 turns).

styxcanada the Imperceptible (Spriggan Brigand)     Turns: 1223, Time: 00:08:46

Health: -2/53      AC: 11    Str:  7    XL:     10   Next: 27%
Magic:  11/11      EV: 26    Int: 12    God:    Gozag
Gold:   1961       SH:  8    Dex: 21    Spells: 9/9 levels left

rFire    . . .     SeeInvis +   p - +2 short sword (protect)
rCold    . . .     Faith    .   d - +0 buckler
rNeg     . . .     Spirit   .   b - +0 robe
rPois    .         Reflect  .   (helmet restricted)
rElec    .         Harm     .   c - +1 cloak
rCorr    .         Rampage  .   (gloves unavailable)
Will     +....     NoTele   +   (boots unavailable)
Stlth    +++++++++.             h - amulet of invisibility {+Inv}
HPRegen  0.17/turn              (no ring)
MPRegen  0.12/turn              (no ring)

@: mighty, gold aura, under a protective aura, very slightly contaminated, very
quick
A: very small, no large weapons, unfitting armour, see invisible, speed 3
a: Renounce Religion, Evoke Invisibility, Potion Petition, Call Merchant, Bribe
Branch


You were in the Dungeon.
You worshipped Gozag.
Gozag was most pleased with you.
You visited 1 branch You collected 2203 gold pieces.
You spent 242 gold pieces at shops.

Inventory:

Hand Weapons
 a - a +2 dagger
 p - a +2 short sword of protection (weapon)
Missiles
 j - 21 poisoned darts (quivered)
 m - 33 sling bullets
 n - 26 stones
Armour
 b - a +0 robe (worn)
 c - a +1 cloak (worn)
 d - a +0 buckler (worn)
Jewellery
 h - the amulet of invisibility (around neck) {+Inv}
   (You found it in the Dungeon)

   [amulet of nothing]

   +Inv:      It lets you turn invisible.
 l - an amulet of the acrobat
 r - an amulet of magic regeneration
Scrolls
 k - a scroll of blinking
Potions
 e - 2 potions of flight
 f - 2 potions of curing
 g - 2 potions of heal wounds
 i - 2 potions of magic
 o - a potion of might
 s - a potion of invisibility


   Skills:
 * Level 6.8 Fighting
 + Level 6.7 Short Blades
 + Level 5.0 Throwing
 * Level 10.5 Dodging
 * Level 23.2 Stealth
 * Level 5.0 Shields
 * Level 12.6 Evocations


You had 9 spell levels left.
You didn't know any spells.
Your spell library contained the following spells:

 Spells                   Type           Power      Damage    Failure   Level
 Borgnjor's Revivificati  Necr           0%         N/A       100%        8
 Necromutation            Tmut/Necr      0%         N/A       100%        8
 Death's Door             Necr           0%         N/A       100%        9


Dungeon Overview and Level Annotations

Branches:
Dungeon (1/1)

Altars:
Cheibriados
Dithmenos
Elyvilon
Gozag
Hepliaklqana
Kikubaaqudgha
Makhleb
Nemelex Xobeh
Okawaru
Qazlal
Ru
Sif Muna
Trog
Uskayaw
Vehumet
Wu Jian
Xom
Yredelemnul
Zin
The Shining One
Beogh
Jiyva
Lugonu

Shops:
D !!?**


Innate Abilities, Weirdness & Mutations

You are very small and have problems with some larger weapons.
You are too small for most types of armour.
You have supernaturally acute eyesight. (SInv)
You cover ground extremely quickly. (Speed+++)


Message History

You hit the spriggan but do no damage.
Your weapon exudes an aura of protection.
You flicker for a moment.
You barely miss the spriggan. You block the spriggan's attack.
The spriggan rider misses you.
You feel very mighty all of a sudden. The spriggan closely misses you.
The spriggan rider hits you from afar with a +0 spear!
You puncture the spriggan!
The spriggan is severely wounded.
The spriggan barely misses you. The spriggan rider misses you.
You miss the spriggan.
The spriggan is severely wounded.
The spriggan hits you with a +0 rapier!
You hit the spriggan.
The spriggan is almost dead.
The spriggan rider hits you from afar with a +0 spear!
The spriggan completely misses you.
Unknown command.
You hit the spriggan.
You kill the spriggan!
The spriggan rider barely misses you. The spriggan rider barely misses you.
Items here: $ ) [[.
You barely miss the spriggan rider.
You flicker back into view.
You hit the spriggan rider.
The spriggan rider is lightly wounded.
The spriggan rider is distracted by your dazzling golden aura.
The spriggan rider shouts!
You hit the spriggan rider.
The spriggan rider is no longer distracted by gold.
The spriggan rider is lightly wounded.
The spriggan rider hits you with a +0 spear!
* * * LOW HITPOINT WARNING * * *
You closely miss the spriggan rider.
The spriggan rider is lightly wounded.
The spriggan rider hits you with a +0 spear!
You die...
Your body crumbles into a pile of gold.

####################
_.⌠.#.['...#....##∩#
._..'..#...#!...'..#
_...#..###'##...##∩#$$ ###
._..#..##∩∩.'...#### ...#
_.⌠.#################...∩#
#########......###.....♣
###.'.['.......'@ii..♣
##..#..#.......#######
###.##+##.P....# '...#
######## #####


You could see a spriggan rider and a spriggan.

Vanquished Creatures
  A spriggan druid (D)
  6 oklob plants (D)
  A demonic crawler (D)
  3 burning bushes (D)
  3 wandering mushrooms (D)
  A queen bee (D)
  3 scorpions (D)
  4 killer bees (D)
  5 oklob saplings (D)
  3 spriggans (D)
  A river rat (D)
  A rat (D)
  A ballistomycete spore (D)
33 creatures vanquished.

Vanquished Creatures (others)
  A fungus (D)
1 creature vanquished.

Grand Total: 34 creatures vanquished

Notes
Turn   | Place    | Note
-------+----------+-------------------------------------------
     0 | D        | styxcanada the Spriggan Brigand began the quest for the
                  | Orb.
     0 | D        | Reached XP level 1. HP: 10/10 MP: 2/2
     9 | D        | Reached skill level 8 in Stealth
     9 | D        | Reached XP level 2. HP: 15/15 MP: 3/3
    17 | D        | Noticed an oklob sapling
    27 | D        | Killed an oklob sapling
    28 | D        | Reached skill level 9 in Stealth
    28 | D        | Reached XP level 3. HP: 12/18 MP: 4/4
   194 | D        | Noticed a scorpion
   194 | D        | Found the amulet of invisibility {+Inv}
   196 | D        | Killed a scorpion
   197 | D        | Reached skill level 12 in Stealth
   197 | D        | Reached XP level 4. HP: 23/23 MP: 5/5
   219 | D        | Found an opulent altar of Gozag.
   219 | D        | Found a hazy altar of Hepliaklqana.
   219 | D        | Found a burning altar of Makhleb.
   219 | D        | Found a sparkling altar of Nemelex Xobeh.
   219 | D        | Found a snail-covered altar of Cheibriados.
   219 | D        | Found a sacrificial altar of Ru.
   219 | D        | Found a shimmering blue altar of Sif Muna.
   219 | D        | Found a shimmering altar of Xom.
   219 | D        | Found a basalt altar of Yredelemnul.
   220 | D        | Found a viscous altar of Jiyva.
   220 | D        | Found a bloodstained altar of Trog.
   220 | D        | Found an ornate altar of the Wu Jian Council.
   221 | D        | Found an iron altar of Okawaru.
   221 | D        | Found a shadowy altar of Dithmenos.
   221 | D        | Found a glowing silver altar of Zin.
   222 | D        | Found an ancient bone altar of Kikubaaqudgha.
   222 | D        | Found a hide-covered altar of Uskayaw.
   223 | D        | Found a stormy altar of Qazlal.
   223 | D        | Found a white marble altar of Elyvilon.
   223 | D        | Found a glowing golden altar of the Shining One.
   224 | D        | Became a worshipper of Gozag Ym Sagoz the Greedy
   225 | D        | Found a corrupted altar of Lugonu.
   225 | D        | Found a radiant altar of Vehumet.
   240 | D        | Reached skill level 13 in Stealth
   240 | D        | Reached XP level 5. HP: 28/28 MP: 4/6
   275 | D        | Reached skill level 5 in Dodging
   275 | D        | Reached skill level 14 in Stealth
   275 | D        | Reached skill level 1 in Evocations
   358 | D        | Reached skill level 15 in Stealth
   358 | D        | Reached XP level 6. HP: 33/33 MP: 7/7
   606 | D        | Found Ciweif's Distillery.
   606 | D        | Found Icewiaf's Distillery.
   612 | D        | Bought a potion of heal wounds for 50 gold pieces
   612 | D        | Bought a potion of degeneration for 10 gold pieces
   613 | D        | Bought a potion of might for 40 gold pieces
   613 | D        | Bought a potion of might for 40 gold pieces
   654 | D        | Noticed a burning bush
   654 | D        | Noticed a wandering mushroom
   655 | D        | Noticed a wandering mushroom
   658 | D        | Killed a burning bush
   659 | D        | Reached skill level 17 in Stealth
   659 | D        | Reached skill level 1 in Shields
   659 | D        | Killed a wandering mushroom
   660 | D        | Reached skill level 5 in Short Blades
   660 | D        | Reached skill level 5 in Evocations
   660 | D        | Reached XP level 7. HP: 38/38 MP: 5/8
   660 | D        | Killed a wandering mushroom
   661 | D        | Reached skill level 18 in Stealth
   663 | D        | Reached XP level 8. HP: 42/42 MP: 5/9
   675 | D        | Found Qittynen's General Store.
   675 | D        | Found Fanodau's Magic Scroll Shoppe.
   682 | D        | Bought a scroll of identify for 24 gold pieces
   682 | D        | Bought a scroll of identify for 24 gold pieces
   682 | D        | Bought a scroll of identify for 24 gold pieces
   704 | D        | Bought a potion of curing for 30 gold pieces
   737 | D        | Noticed a queen bee
   744 | D        | Killed a queen bee
   745 | D        | Reached skill level 5 in Fighting
   745 | D        | Reached skill level 19 in Stealth
   809 | D        | Noticed an oklob plant
   812 | D        | Killed an oklob plant
   813 | D        | Reached skill level 20 in Stealth
   884 | D        | Noticed a burning bush
   888 | D        | Killed a burning bush
   889 | D        | Reached XP level 9. HP: 48/48 MP: 7/10
   928 | D        | Noticed a burning bush
   928 | D        | Noticed an oklob plant
   929 | D        | Noticed a wandering mushroom
   930 | D        | Killed a burning bush
   931 | D        | Reached skill level 10 in Evocations
   935 | D        | Killed an oklob plant
   936 | D        | Reached skill level 5 in Throwing
   936 | D        | Reached skill level 21 in Stealth
   939 | D        | Killed a wandering mushroom
  1001 | D        | Noticed a spriggan druid
  1003 | D        | Killed a spriggan druid
  1059 | D        | Noticed an oklob plant conjurer
  1060 | D        | Killed an oklob plant conjurer
  1061 | D        | Reached skill level 10 in Dodging
  1061 | D        | Reached skill level 22 in Stealth
  1135 | D        | Noticed an oklob plant
  1135 | D        | Noticed an oklob plant summoner
  1136 | D        | Noticed an oklob plant shifter
  1146 | D        | Killed an oklob plant summoner
  1147 | D        | Reached XP level 10. HP: 53/53 MP: 9/11
  1149 | D        | Killed an oklob plant shifter
  1151 | D        | Killed an oklob plant
  1201 | D        | Reached skill level 23 in Stealth
  1201 | D        | Reached skill level 5 in Shields
  1203 | D        | Noticed a spriggan rider
  1204 | D        | Found Ajob's General Store.
  1223 | D        | Slain by a spriggan rider

Illustrated notes

Levels and vault maps discovered:
D:        dungeon_sprint_fedhas [sprint_temple]

Skill      XL: |  1  2  3  4  5  6  7  8  9 10 |
---------------+-------------------------------+-----
Dodging        | 2 3 4 5 7 8 10 | 10.5
Stealth        | 8 9 12 13 15 17 18 20 22 23 | 23.2
Fighting       | 2 3 4 5 6 |  6.8
Short Blades   | 3 4 5 6 |  6.7
Evocations     | 2 5 6 9 11 12 | 12.6
Throwing       | 3 4 5 |  5.0
Shields        | 2 3 4 5 |  5.0

Action                   |  1- 3 |  4- 6 |  7- 9 | 10-12 || total
-------------------------+-------+-------+-------+-------++-------
Melee: Dagger            |    10 |    15 |     2 |       ||    27
       Short sword       |       |       |    26 |    16 ||    42
Throw: Dart              |       |    11 |       |       ||    11
 Abil: Evoke Invisibilit |       |     4 |     7 |     1 ||    12
  Use: Potion            |     2 |     1 |       |     1 ||     4
       Scroll            |       |       |     1 |     3 ||     4
 Stab: Sleeping          |     3 |     3 |    15 |     2 ||    23
       Invisible         |       |     1 |     4 |     1 ||     6
Dodge: Dodged            |     1 |    10 |    10 |     8 ||    29
Block: Buckler           |       |       |     2 |     2 ||     4
